 Dungeon Crawl Stone Soup version 0.21-a0-170-g0398fc9 (console) character file.

21385 asdu the Brawler (level 12, -1/104 HPs)
             Began as a Ghoul Wanderer on Aug 6, 2017.
             Was a High Priest of Makhleb.
             Killed from afar by a frost giant (17 damage)
             ... with a bolt of cold
             ... on level 11 of the Dungeon.
             The game lasted 01:00:59 (7865 turns).

asdu the Brawler (Ghoul Wanderer)                   Turns: 7865, Time: 01:01:00

Health: -1/104     AC: 13    Str: 19    XL:     12   Next: 89%
Magic:  18/18      EV: 11    Int:  7    God:    Makhleb [*****.]
Gold:   265        SH:  4    Dex: 10    Spells: 11/11 levels left

rFire    . . .     SeeInvis +     - Unarmed
rCold    + . .     Gourm    .   h - +0 buckler
rNeg     + + +     Faith    .   a - +2 scale mail
rPois    ∞         Spirit   .   r - +1 helmet
rElec    .         Reflect  .   (no cloak)
rCorr    .         Harm     .   (no gloves)
MR       +....                  e - +0 pair of boots
Stlth    ..........             (no amulet)
HPRegen  0.00/turn              g - ring of see invisible
MPRegen  0.16/turn              I - ring of protection from magic

@: rotting
A: rotting body, claws 1, carnivore 3, cold resistance 1, negative energy
resistance 3, inhibited regeneration, torment resistance, unbreathing
a: Minor Destruction, Lesser Servant of Makhleb, Major Destruction, Greater
Servant of Makhleb, Renounce Religion


You were on level 11 of the Dungeon.
You worshipped Makhleb.
Makhleb was extremely pleased with you.
You were not hungry.

You visited 1 branch of the dungeon, and saw 11 of its levels.
You also visited: Bailey.

You collected 533 gold pieces.
You spent 268 gold pieces at shops.

Inventory:

Hand Weapons
 t - a cursed -3 bardiche
Missiles
 b - 5 curare-tipped needles
 c - 17 tomahawks (quivered)
 m - 181 stones
 x - 11 poisoned needles
 y - a throwing net
Armour
 a - a +2 scale mail (worn)
 e - a +0 pair of boots (worn)
 h - a +0 buckler (worn)
 r - a +1 helmet (worn)
 H - a +0 plate armour
 Q - a cursed -2 robe
Magical Staves
 D - an uncursed staff of air
Jewellery
 g - a ring of see invisible (left claw)
 I - a ring of protection from magic (right claw)
Wands
 A - a wand of polymorph (9/24)
 B - a wand of flame (33/48)
 E - a wand of lightning (2/15)
 F - a wand of random effects (36/48)
 L - a wand of acid (0/15)
Scrolls
 d - 7 scrolls of enchant armour {unknown}
 i - 5 scrolls of identify
 l - a scroll of teleportation
 o - a scroll of immolation
 q - 2 scrolls of recharging
 v - 3 scrolls of enchant weapon {unknown}
 C - a scroll of amnesia {unknown}
 G - a scroll of magic mapping {unknown}
 J - a scroll of fog {unknown}
 M - a scroll of blinking {unknown}
 O - 2 scrolls of remove curse
 R - a scroll of torment {unknown}
Potions
 j - 2 potions of resistance
 k - 4 potions of curing
 n - 2 potions of agility
 p - a potion of brilliance
 s - 2 potions of haste {unknown}
 u - a potion of mutation {unknown}
 w - 3 potions of heal wounds
 z - 4 potions of might
Comestibles
 f - 8 meat rations
 K - 13 chunks of flesh
 N - 9 royal jellies


   Skills:
 - Level 9.0 Fighting
   Level 1.0 Maces & Flails
 - Level 6.9 Armour
 - Level 3.3 Dodging
 - Level 2.1 Stealth
 - Level 4.6 Shields
 + Level 15.3 Unarmed Combat
 + Level 9.8 Invocations


You had 11 spell levels left.
You didn't know any spells.

Dungeon Overview and Level Annotations

Branches:
Dungeon (11/15)            Temple (0/1) D:6            Lair (0/6) D:8
    Orc: D:9-12

Altars:
Cheibriados
Fedhas
Makhleb
Okawaru
Trog
Vehumet

Shops:
D:5 *   D:8 *

Annotations:
D:8 TotoDurand's ghost, novice DrTm
D:10 Fannar


Innate Abilities, Weirdness & Mutations

Your body is rotting away.
You thrive on raw meat.
You are immune to poison.
You have sharp fingernails.
You are carnivorous and can eat meat at any time.
Your flesh is cold resistant. (rC+)
You are immune to negative energy. (rN+++)
You do not regenerate when monsters are visible.
You are immune to unholy pain and torment.
You can survive without breathing.


Message History

The frost giant points at your ynoxinul and mumbles some strange words.
The bolt of cold hits your ynoxinul.
Your ynoxinul resists.
Your ynoxinul dies!
Eat one of 14 chunks of flesh? (ye/n/q)
You eat one of the 14 chunks of flesh.
This raw flesh tastes great!
The frost giant shouts!
The frost giant gestures at you while chanting.
The bolt of cold hits you! You resist.
A demon appears!
A demon appears!
The frost giant gestures at you while chanting.
The bolt of cold hits your neqoxec.
Your neqoxec dies!
The bolt of cold hits you! You resist.
* * * LOW HITPOINT WARNING * * *
You feel much better.
The frost giant gestures at you while chanting.
The bolt of cold misses you. The bolt of cold hits you! You resist.
You die...

# .# ### #|# #.########
#.....#)# #..####.# ####
#..##.#.###..†### #... ...
#.###.#.#.####).#..... ..
#.#.#(#.#..@#.###..... .
#..#.#)##...##...>.# #
#..#.#.#..3C.......# #
#..###.#...........#########
#....#.#....................
#....###....................
#.#### #######..............
#.############..............
#...........................


You could see a frost giant and a friendly ynoxinul.

Vanquished Creatures
  A yaktaur captain (D:11)
  A two-headed ogre (D:11)
  The ghost of Kadarus the Conjurer, a novice DrFE of Makhleb (Bailey)
  4 orc knights (Bailey)
  An ugly thing (D:11)
  An elephant (D:7)
  2 cyclopes
  A gargoyle (D:10)
  A centaur skeleton (D:10)
  2 trolls
  A hornet (D:9)
  4 hippogriffs (D:9)
  A wyvern (D:10)
  5 yaks
  A basilisk (D:8)
  A hungry ghost (D:9)
  Edmund (D:6)
  2 soldier ants (D:9)
  5 water moccasins
  Duvessa (D:6)
  3 ice beasts
  A black bear (D:9)
  An eye of draining (D:11)
  2 sky beasts
  A hornet zombie (D:11)
  3 phantoms
  15 orc warriors
  4 ogres
  2 centaurs (D:9)
  2 crocodiles (D:7)
  A big kobold (D:8)
  3 bullfrogs
  Blork the orc (D:6)
  A gnoll sergeant (D:10)
  Dowan (D:6)
  2 scorpions (D:7)
  17 killer bees
  4 crimson imps
  5 orc priests
  A hound (D:4)
  2 centaur zombies
  3 jellies
  8 orc wizards
  A gnoll shaman (D:7)
  8 worker ants
  A bullfrog skeleton (D:11)
  5 iguanas
  9 gnolls
  A howler monkey skeleton (D:11)
  6 adders
  5 shadow imps
  An ooze (D:2)
  An adder zombie (D:5)
  An adder skeleton (D:4)
  A worm (D:5)
  2 leopard geckos
  56 orcs
  2 bats (D:1)
  7 giant cockroaches
  2 goblins (D:2)
  2 hobgoblins
  4 jackals (D:11)
  6 kobolds
  11 quokkas
  4 frilled lizards
  A jackal skeleton (D:4)
  A quokka skeleton (D:9)
  A quokka zombie (D:9)
  A rat (D:1)
260 creatures vanquished.

Vanquished Creatures (collateral kills)
  An orc warrior (Bailey)
1 creature vanquished.

Grand Total: 261 creatures vanquished

Notes
Turn   | Place    | Note
-------+----------+-------------------------------------------
     0 | D:1      | asdu the Ghoul Wanderer began the quest for the Orb.
     0 | D:1      | asdu set off with: a +2 scale mail, 2 scrolls of teleportation, a +0 club, a +0 dagger, a meat ration
     0 | D:1      | Reached XP level 1. HP: 19/19 MP: 0/0
   154 | D:1      | Reached skill level 1 in Unarmed Combat
   219 | D:2      | Reached skill level 2 in Unarmed Combat
   219 | D:2      | Reached XP level 2. HP: 19/26 MP: 1/1
   292 | D:2      | Found a burning altar of Makhleb.
   298 | D:2      | Became a worshipper of Makhleb the Destroyer
   472 | D:2      | Reached XP level 3. HP: 15/31 MP: 2/2
   511 | D:2      | Reached skill level 3 in Unarmed Combat
   656 | D:4      | Noticed an ogre
   755 | D:3      | Reached XP level 4. HP: 31/38 MP: 3/3
   822 | D:4      | Reached skill level 4 in Unarmed Combat
   946 | D:4      | Found a snail-covered altar of Cheibriados.
   981 | D:4      | Reached XP level 5. HP: 22/44 MP: 4/4
  1125 | D:5      | Entered Level 5 of the Dungeon
  1183 | D:5      | Noticed a phantom
  1268 | D:5      | Killed a phantom
  1268 | D:5      | Reached skill level 5 in Unarmed Combat
  1367 | D:5      | Found an iron altar of Okawaru.
  1391 | D:5      | Noticed an ogre
  1403 | D:5      | Found Seorric's General Store.
  1658 | D:4      | Reached skill level 6 in Unarmed Combat
  1691 | D:4      | Reached XP level 6. HP: 28/51 MP: 5/5
  1836 | D:4      | Found a blossoming altar of Fedhas.
  1924 | D:5      | Reached * piety under Makhleb
  1924 | D:5      | Reached skill level 7 in Unarmed Combat
  1985 | D:6      | Found a staircase to the Ecumenical Temple.
  1992 | D:6      | Noticed Edmund
  2035 | D:6      | Killed Edmund
  2035 | D:6      | Reached XP level 7. HP: 34/58 MP: 6/6
  2264 | D:5      | Reached skill level 8 in Unarmed Combat
  2586 | D:6      | Reached skill level 5 in Fighting
  2715 | D:6      | Noticed Blork the orc
  2730 | D:6      | Killed Blork the orc
  2730 | D:6      | Reached XP level 8. HP: 61/68 MP: 7/7
  2998 | D:7      | Reached skill level 9 in Unarmed Combat
  3004 | D:7      | Reached ** piety under Makhleb
  3095 | D:7      | Found a radiant altar of Vehumet.
  3114 | D:7      | Reached skill level 1 in Invocations
  3182 | D:8      | Noticed TotoDurand's ghost (novice DrTm)
  3472 | D:7      | Reached skill level 10 in Unarmed Combat
  3527 | D:8      | Reached XP level 9. HP: 75/75 MP: 10/10
  3545 | D:8      | Reached skill level 1 in Dodging
  3572 | D:8      | Found Igyeckua's Assorted Antiques.
  3745 | D:8      | Noticed an elephant
  3861 | D:6      | Noticed Duvessa
  3876 | D:6      | Killed Duvessa
  3887 | D:6      | Noticed Dowan
  3904 | D:6      | Killed Dowan
  4035 | D:7      | Reached skill level 11 in Unarmed Combat
  4158 | D:7      | Reached *** piety under Makhleb
  4193 | D:7      | Killed an elephant
  4262 | D:8      | Found a staircase to the Lair.
  4310 | D:7      | Reached skill level 5 in Invocations
  4310 | D:7      | Reached XP level 10. HP: 25/83 MP: 12/12
  4444 | D:8      | Reached skill level 5 in Armour
  4760 | D:8      | Bought a scroll labeled EMAUGEERIH for 34 gold pieces
  4760 | D:8      | Bought a wooden ring for 170 gold pieces
  4760 | D:8      | Bought a purple potion for 30 gold pieces
  4760 | D:8      | Bought a scroll labeled FUAG YMPUTYTZE for 34 gold pieces
  4884 | D:8      | Noticed a cyclops
  4887 | D:8      | Killed a cyclops
  4887 | D:8      | Reached skill level 1 in Shields
  4898 | D:8      | Reached skill level 12 in Unarmed Combat
  5417 | D:9      | Found a bloodstained altar of Trog.
  5559 | D:9      | Found a flagged portal.
  5580 | D:9      | Reached **** piety under Makhleb
  5612 | Bailey   | Entered a bailey
  5855 | Bailey   | Noticed Kadarus's ghost (novice DrFE)
  5919 | Bailey   | Killed Kadarus's ghost
  5919 | Bailey   | Reached XP level 11. HP: 47/92 MP: 13/15
  5996 | Bailey   | Reached skill level 13 in Unarmed Combat
  5996 | Bailey   | Reached XP level 12. HP: 75/103 MP: 15/17
  6397 | Bailey   | Reached skill level 14 in Unarmed Combat
  6641 | D:9      | Upgraded the game from 0.21-a0-163-g3aa3f5d to 0.21-a0-170-g0398fc9
  6741 | D:10     | Entered Level 10 of the Dungeon
  6876 | D:10     | Reached ***** piety under Makhleb
  7100 | D:10     | Noticed Fannar
  7308 | D:9      | Identified the Almanac of Glacial Slavery
  7449 | D:11     | Noticed a two-headed ogre
  7458 | D:11     | Killed a two-headed ogre
  7476 | D:11     | Reached skill level 15 in Unarmed Combat
  7740 | D:11     | Noticed a yaktaur captain
  7744 | D:11     | Killed a yaktaur captain
  7841 | D:11     | Noticed a frost giant
  7864 | D:11     | HP: 4/104 [frost giant/bolt of cold (28)]
  7865 | D:11     | Killed from afar by a frost giant

Vault maps used:
D:1:      dpeg_arrival_brainrot, item_on_display_a
D:2:      lightli_temple_of_fire, amethyst_overflow_temple_binary,
          nicolae_ru_the_path_less_chosen, uniq_natasha
D:3:      first_bread
D:4:      nicolae_overflow_hidden_temple, grunt_decor_arrowhead
D:5:      gup_sewer_entry_glass, serial_shops,
          nicolae_shop_temple_entry_statues_fountains,
          hangedman_abyss_or_decor_passed, kennysheep_okawaru_gauntlet
D:6:      minmay_temple_entry_grid, uniq_blork_the_orc, uniq_duvessa,
          uniq_edmund
D:7:      vehumet_altar_wand_db, serial_glass, glass_columns_c, glass_columns_a
D:8:      david_lair_generic, serial_shops, nicolae_shop_waterfront
D:9:      enter_bailey_2, hangedman_pestilent_swarm, minmay_misc_feat_square,
          grunt_decor_mini_mirrors, nicolae_wwwww, trog_butcher_becter
D:10:     david_orc_4, uniq_fannar
D:11:     minmay_chopped_fan, nicolae_trove_entry_path_of_doom,
          eino_tiny_chamber
Bailey:   bailey_polearm_5, bailey

Skill      XL: |  1  2  3  4  5  6  7  8  9 10 11 12 |
---------------+-------------------------------------+-----
Unarmed Combat | 2 3 4 6 7 8 10 11 12 13 15 | 15.3
Fighting       | 5 6 7 8 9 |  9.0
Invocations    | 2 5 6 8 9 |  9.8
Dodging        | 3 |  3.3
Armour         | 4 5 6 |  6.9
Shields        | 2 4 |  4.6
Maces & Flails | |  1.0
Stealth        | |  2.1

Action                   |  1- 3 |  4- 6 |  7- 9 | 10-12 || total
-------------------------+-------+-------+-------+-------++-------
Melee: Club              |    99 |       |       |       ||    99
       Unarmed           |    64 |   140 |   309 |   637 ||  1150
       Punch             |     1 |     1 |     8 |     1 ||    11
Throw: Tomahawk          |       |     2 |       |       ||     2
Invok: Minor Destruction |       |       |    17 |    43 ||    60
       Lesser Servant of |       |       |       |     5 ||     5
       Major Destruction |       |       |       |     1 ||     1
Evoke: Wand              |       |       |       |     7 ||     7
  Use: Scroll            |       |     8 |     2 |     5 ||    15
       Potion            |       |       |       |     5 ||     5
 Stab: Distracted        |       |       |       |     2 ||     2
  Eat: Chunk             |    13 |    13 |    53 |    72 ||   151
Armor: Scale mail        |    84 |    62 |   137 |   212 ||   495
Dodge: Dodged            |   101 |    75 |   112 |   323 ||   611
Block: Buckler           |       |       |       |   100 ||   100
